 Dungeon Crawl Stone Soup version 0.28.0-53-g5a82cb258f (webtiles) character file.

Game seed: 13163606717456035697

26 Peloso the Shield-Bearer (level 2, 27/27 HPs)
             Began as a Minotaur Fighter on July 19, 2022.
             Got out of the dungeon alive.
             The game lasted 00:01:33 (1007 turns).

Peloso the Shield-Bearer (Minotaur Fighter)         Turns: 1007, Time: 00:01:33

Health: 27/27      AC:  8    Str: 20    XL:     2   Next: 89%
Magic:  1/1        EV:  9    Int:  5    God:
Gold:   50         SH:  4    Dex:  9    Spells: 1/1 levels left

rFire   . . .      SeeInvis .   a - +0 long sword
rCold   . . .      Faith    .   c - +0 buckler
rNeg    . . .      Spirit   .   b - +0 scale mail
rPois   .          Reflect  .   (helmet unavailable)
rElec   .          Harm     .   (no cloak)
rCorr   .          Rampage  .   h - +0 pair of gloves
Will    .....                   (no boots)
Stlth   ..........              (no amulet)
HPRegen 0.09/turn               (no ring)
MPRegen 0.07/turn               (no ring)

@: attractive, flying, hasted, very quick
A: horns 3, retaliatory headbutt
a: no special abilities


You escaped.
You visited 1 branch of the dungeon, and saw 1 of its levels.

You collected 50 gold pieces.

Inventory:

Hand Weapons
 a - a +0 long sword (weapon)
Armour
 b - a +0 scale mail (worn)
 c - a +0 buckler (worn)
 h - a +0 pair of gloves (worn)
Scrolls
 g - a scroll of noise
Potions
 d - a potion of might
 e - a potion of haste
 i - a potion of flight


   Skills:
 + Level 4.1 Fighting
 + Level 2.9 Long Blades
 + Level 4.0 Armour
 + Level 4.1 Shields


You had one spell level left.
You didn't know any spells.
Your spell library was empty.

Dungeon Overview and Level Annotations

Branches:
Dungeon (1/15)

Altars:


Innate Abilities, Weirdness & Mutations

You have a pair of large horns on your head.
You reflexively headbutt those who attack you in melee.


Message History

You kill the goblin!
You see here a +0 dagger.
Found a robe.
A ball python comes into view.
Found a stone staircase leading down.
A ball python is nearby!
A ball python is nearby!
You hit the ball python.
You kill the ball python!
You see here a +0 robe.
f - a bubbling pink potion You open the door.
There is an open door here.
You open the door.
There is an open door here.
Found 20 stones and a leather armour.
i - 2 fuming silvery potions You now have 46 gold pieces (gained 17).
You open the door.
There is an open door here.
You now have 50 gold pieces (gained 4).
You see here a +0 robe.
You see here a +0 ring mail.
Partly explored, can't reach some items.
Partly explored, can't reach some items.
Partly explored, can't reach some items.
Partly explored, can't reach some items.
It was a potion of attraction.
You feel attractive to monsters.
It was a potion of mutation.
You feel extremely strange. The horns on your head grow some more.
It was a potion of flight.
You feel very buoyant.
You fly up into the air.
e - 2 blue potions
There is an escape hatch in the floor here.
There is a staircase leading out of the dungeon here.
It was a potion of haste.
You feel yourself speed up.
Are you sure you want to leave the Dungeon?
This will make you lose the game!
You have escaped!

....# #..#
....# ##.#####
..#.# #.....#
#.#.#
####.##.##
....#
#.....#..#
....#
####.8....#.##
....#
#≈≈≈.........##
..#.#
#≈≈≈≈.........#
..#>#
#>≈§§§@8..8...#
..#.#
#≈§§≈§........#
..#.#
#≈§≈§........##
..#.#
####.8......##
###.#
#.......## #.#
####...## #.#
##### #.# #.#


There were no monsters in sight!

Vanquished Creatures
  2 dart slugs (D:1)
  2 ball pythons (D:1)
  2 bats (D:1)
  3 endoplasms (D:1)
  3 goblins (D:1)
  2 hobgoblins (D:1)
  A kobold (D:1)
  A quokka (D:1)
  3 frilled lizards (D:1)
19 creatures vanquished.

Notes
Turn   | Place    | Note
-------+----------+-------------------------------------------
     0 | D:1      | Peloso the Minotaur Fighter began the quest for the Orb.
     0 | D:1      | Reached XP level 1. HP: 19/19 MP: 0/0
   346 | D:1      | Reached XP level 2. HP: 27/27 MP: 1/1
   991 | D:1      | Gained mutation: You have a pair of large horns on your
                  | head. [potion of mutation]
  1007 | D:$      | Got out of the dungeon alive.

Illustrated notes

Levels and vault maps discovered:
D:1:      grunt_arrival_lava_bath, layout_basic, minivault_19

Skill      XL: |  1  2 |
---------------+-------+-----
Shields        | 4 |  4.1
Fighting       | 4 |  4.1
Armour         | 4 |  4.0
Long Blades    | |  2.9

Action                   || total
-------------------------++-------
Melee: Long sword        ||    46
       Headbutt          ||     3
  Use: Potion            ||     4
       Scroll            ||     2
Armor: Scale mail        ||    20
Dodge: Dodged            ||    18
Block: Buckler           ||    12
